Map: 16-Bit LE

Players

A.I. 1 (Easy)

  • Race: Protoss Protoss
  • Spawn Location: 7:00

buu - Winner!

  • Race: Protoss Protoss
  • Spawn Location: 1:00

VOD

Have the link to the VOD?

Description

Time

  • Played on: Dec. 3, 2022, 5:14 a.m.
  • Length: 11:05
Show
View Real Time Build Order
Export as new Build Order

A.I. 1 (Easy) Protoss 

Build Orders:  

Get SALT Encoding   

  12  0:00  Probe  
  13  0:13  Probe  
  14  0:20  Pylon  
  14  0:25  Probe  
  15  0:34  Probe  
  15  0:40  Gateway  
  16  0:46  Assimilator  
  16  0:53  Pylon  
  16  1:20  Assimilator  
  16  1:27  Zealot  
  16  1:29  Cybernetics Core  
  18  1:58  Adept  
  18  2:09  Pylon  
  18  2:12  Warp Gate  
  20  2:17  Probe  
  21  2:29  Probe  
  22  2:41  Stalker, Probe  
  25  2:53  Probe  
  26  3:06  Adept, Probe  
  27  3:18  Probe  
  30  3:46  Stalker  
  32  4:24  Probe  
  32  6:54  Probe  
  32  6:58  Stalker  
  35  7:01  Pylon  
  35  7:05  Nexus  
  35  7:20  Robotics Facility  
  35  7:22  Stalker  
  37  7:24  Pylon  
  37  7:47  Sentry  
  29  8:09  Observer  
  29  8:11  Stalker  
  32  8:13  Probe  
  32  8:19  Probe  
  33  8:22  Probe  
  35  8:27  Assimilator  
  35  8:28  Probe  
  35  8:29  Assimilator  
  35  8:31  Observer  
  35  8:33  Probe  
  37  8:35  Stalker  
  37  8:36  Probe  
  41  8:45  Probe  
  41  8:48  Probe  
  43  8:57  Probe  
  43  8:59  Zealot  
  43  9:00  Probe  
  47  9:09  Probe  
  48  9:12  Probe  
  49  9:17  Probe  
  49  9:24  Adept, Probe  
  52  9:25  Probe  
  54  9:33  Probe  
  54  9:36  Probe  
  56  9:43  Probe  
  56  9:48  Probe  
  58  9:55  Probe  
  59  10:00  Probe  
  61  10:07  Probe  
  61  10:12  Probe  
  62  10:18  Probe  
  63  10:22  Pylon  
  63  10:28  Sentry  
  48  10:44  Probe  
  8  10:57  Stalker  
Show
View Real Time Build Order
Export as new Build Order

buu Protoss - Winner!

Build Orders:  

Get SALT Encoding   

  12  0:00  Probe  
  13  0:12  Probe  
  14  0:18  Pylon  
  14  0:24  Probe  
  15  0:36  Probe  
  15  0:39  Gateway  
  16  0:49  Probe (Chrono Boost)  
  17  0:50  Assimilator  
  17  1:00  Assimilator, Probe (Chrono Boost)  
  18  1:05  Probe (Chrono Boost)  
  19  1:15  Probe  
  19  1:18  Gateway  
  20  1:27  Probe  
  20  1:29  Cybernetics Core  
  21  1:41  Probe  
  22  1:49  Pylon  
  22  1:54  Probe  
  23  2:07  Stalker x2, Probe  
  28  2:13  Warp Gate (Chrono Boost)  
  28  2:19  Probe  
  29  2:24  Pylon  
  29  2:32  Probe  
  30  2:42  Stalker x2  
  34  3:03  Nexus  
  34  3:20  Robotics Facility  
  34  3:21  Probe  
  35  3:33  Probe  
  36  3:40  Pylon  
  36  3:46  Probe  
  37  3:58  Probe  
  38  4:07  Immortal  
  42  4:10  Probe  
  43  4:17  Probe  
  43  4:22  Probe  
  45  4:29  Probe  
  45  4:31  Gateway  
  46  4:34  Probe  
  46  4:35  Gateway  
  47  4:41  Probe  
  48  4:46  Assimilator, Observer, Probe  
  48  4:48  Assimilator  
  50  4:53  Probe  
  50  4:54  Twilight Council  
  50  4:58  Probe  
  52  5:05  Probe  
  53  5:07  Immortal  
  53  5:10  Probe  
  53  5:13  Pylon  
  58  5:18  Probe  
  59  5:22  Probe  
  59  5:27  Zealot  
  62  5:31  Probe  
  62  5:32  Zealot  
  62  5:34  Charge (Chrono Boost)  
  65  5:55  Templar Archives  
  65  5:56  Probe  
  66  5:59  Pylon  
  66  6:00  Probe  
  67  6:08  Probe  
  68  6:12  Nexus, Probe  
  69  6:20  Probe  
  69  6:22  Forge  
  69  6:24  Forge, Probe  
  71  6:32  Probe  
  72  6:36  Zealot x2, Probe  
  77  6:44  Pylon, Probe  
  77  6:45  Gateway, Pylon  
  78  6:47  Gateway  
  78  6:49  Pylon  
  78  6:57  Protoss Ground Weapons Level 1 (Chrono Boost)  
  78  6:58  Protoss Ground Armor Level 1 (Chrono Boost)  
  78  7:02  Probe  
  78  7:06  Probe  
  80  7:14  Probe  
  81  7:18  Probe  
  81  7:19  Gateway  
  82  7:26  Probe  
  82  7:28  Gateway  
  83  7:30  Probe  
  83  7:33  Gateway  
  84  7:38  Gateway, Probe  
  84  7:40  Zealot  
  84  7:41  Zealot x5  
  95  7:47  Probe  
  94  7:52  Probe  
  95  8:13  High Templar  
  95  8:14  High Templar x5  
  107  8:22  Archon x2  
  107  8:24  Archon  
  107  8:25  Zealot  
  109  8:35  Assimilator  
  109  8:36  Assimilator  
  109  8:37  Pylon  
  109  8:39  Pylon  
  109  8:48  Probe x3  
  112  8:50  Pylon  
  112  9:00  Probe  
  113  9:06  High Templar  
  113  9:07  High Templar x4  
  113  9:09  Zealot x3  
  129  9:13  Pylon  
  129  9:15  Pylon  
  129  9:17  Pylon  
  129  9:18  Archon x2  
  129  9:26  Immortal  
  133  9:42  Nexus  
  133  9:44  Zealot, Pylon  
  133  9:45  Zealot x7  
  147  9:47  Pylon  
  147  9:50  Pylon  
  149  9:54  Pylon  
  149  9:56  Gateway  
  149  9:57  Gateway  
  149  9:59  Pylon  
  149  10:01  Pylon x2  
  149  10:05  Warp Prism  
  149  10:06  Zealot  
  153  10:07  Zealot x7  
  165  10:30  High Templar x5  
  165  10:32  Zealot x3  
  165  10:34  Archon x2  
  177  10:39  Probe  
  178  10:51  Zealot x2  
  178  10:52  Zealot  
  178  10:54  Zealot  
  178  10:55  Zealot  
Tags
 
Matchup
PvP
Spawn Locations
Cross Positions
Add a new tag
Caveats
  • Supply blocks, unpowered buildings, or Contaminate may cause inaccurate times.
  • Supply counts are checked every 10 seconds.